 Dungeon Crawl Stone Soup version 0.22.1-1-ga44c0e5 (webtiles) character file.

86 Laphicet the Shield-Bearer (level 4, -1/37 HPs)
             Began as a Formicid Fighter on Sept 25, 2018.
             Slain by an orc
             ... wielding a cursed +0 club
              (3 damage)
             ... on level 3 of the Dungeon.
             The game lasted 00:04:14 (3015 turns).

Laphicet the Shield-Bearer (Formicid Fighter)       Turns: 3015, Time: 00:04:15

Health: -1/37      AC:  6    Str: 26    XL:     4   Next: 77%
Magic:  4/4        EV:  8    Int:  7    God:
Gold:   110        SH: 10    Dex: 11    Spells: 3/3 levels left

rFire    . . .     SeeInvis +   a - +0 long sword
rCold    . . .     Gourm    .   c - +0 shield
rNeg     . . .     Faith    .   b - +0 scale mail
rPois    .         Spirit   .   (helmet unavailable)
rElec    .         Reflect  .   (no cloak)
rCorr    .         Harm     .   (no gloves)
MR       .....                  (no boots)
Stlth    ..........             (no amulet)
HPRegen  0.12/turn              (no ring)
MPRegen  0.09/turn              (no ring)

@: mighty, drained
A: permanent stasis, dig shafts and tunnels, four strong arms, antennae 3
a: Dig, Shaft Self


You were on level 3 of the Dungeon.
You were not hungry.

You visited 1 branch of the dungeon, and saw 3 of its levels.

You collected 110 gold pieces.

Inventory:

Hand Weapons
 a - a +0 long sword (weapon)
Missiles
 e - 44 stones (quivered)
 g - 5 needles of confusion
 h - 4 poisoned needles
 i - 46 sling bullets
 p - 5 tomahawks
Armour
 b - a +0 scale mail (worn)
 c - a +0 shield (worn)
Jewellery
 q - an uncursed amulet of the acrobat {unknown}
Scrolls
 j - 2 scrolls of teleportation {unknown}
 k - a scroll of identify {unknown}
 l - a scroll of magic mapping {unknown}
 m - a scroll of noise {unknown}
 n - a scroll of blinking {unknown}
 o - a scroll of fog {unknown}
Comestibles
 f - 2 rations
 r - 3 chunks of flesh


   Skills:
 + Level 3.8(3.6) Fighting
 + Level 2.7(2.5) Long Blades
 + Level 3.7(3.6) Armour
 + Level 1.0(0.8) Dodging
 + Level 2.0(1.8) Stealth
 + Level 4.0(3.9) Shields


You had 3 spell levels left.
You didn't know any spells.
Your spell library was empty.

Dungeon Overview and Level Annotations

Branches:
Dungeon (3/15)

Altars:
Qazlal


Innate Abilities, Weirdness & Mutations

You cannot be hasted, slowed, berserked, paralysed or teleported.
You can dig through walls and to a lower floor.
Your four strong arms can wield two-handed weapons with a shield.
You have a pair of large antennae on your head. (SInv)


Message History

The adder is severely wounded.
A leopard gecko comes into view.
The adder bites you but does no damage.
The leopard gecko moves out of view.
You slash the adder!
You kill the adder!
Your base Stealth skill increases to level 2!
You feel sick.
You feel sick.
You feel sick.
Things that are here:
a ring mail; a falchion You feel sick.
Things that are here:
a club; a whip You feel sick.
You are no longer poisoned.
Found 18 gold pieces.
You extend your mandibles.
You dig through the rock wall.
The orc hits you with a club.
You die...

#o# #.# # #.# ## #.# ##.
#W#####.# #.......'
.$######################
.......o.o.o......)[..##
#.#####@#############.##
{ #.........#.......o
#.######.##.####.## {
#.# ###.##.####... #.#
#............. { #.#
#.####.####### { #.#
#......# #.# ########
#.#################


You could see an orc priest and 2 orcs.

Vanquished Creatures
  2 adders (D:3)
  A worm (D:2)
  2 dart slugs
  A leopard gecko (D:2)
  9 orcs (D:3)
  6 bats
  A giant cockroach (D:2)
  5 goblins
  4 hobgoblins
  2 jackals (D:1)
  6 kobolds
  A quokka (D:2)
  5 frilled lizards
  3 rats (D:1)
48 creatures vanquished.

Notes
Turn   | Place    | Note
-------+----------+-------------------------------------------
     0 | D:1      | Laphicet the Formicid Fighter began the quest for the Orb.
     0 | D:1      | Reached XP level 1. HP: 18/18 MP: 1/1
   161 | D:1      | Reached XP level 2. HP: 23/24 MP: 2/2
   757 | D:1      | Reached skill level 1 in Stealth
   763 | D:1      | Reached XP level 3. HP: 29/29 MP: 3/3
  1464 | D:2      | Noticed an ogre
  1953 | D:2      | Found a stormy altar of Qazlal.
  2073 | D:2      | Found a faded altar of an unknown god.
  2255 | D:3      | Reached XP level 4. HP: 37/37 MP: 4/4
  2272 | D:3      | Reached skill level 4 in Shields
  2409 | D:3      | Noticed a phantom
  2889 | D:3      | Reached skill level 1 in Dodging
  3003 | D:3      | HP: 1/37 [poisoned by an adder]
  3015 | D:3      | Slain by an orc

Skill      XL: |  1  2  3  4 |
---------------+-------------+-----
Stealth        | 1 2 |  2.0
Shields        | 4 |  4.0
Dodging        | 1 |  1.0
Fighting       | |  3.8
Long Blades    | |  2.7
Armour         | |  3.7

Action                   |  1- 3 |  4- 6 || total
-------------------------+-------+-------++-------
Melee: Long sword        |    96 |    52 ||   148
 Abil: Dig               |       |     3 ||     3
  Use: Potion            |       |     2 ||     2
  Eat: Chunk             |     4 |     3 ||     7
Armor: Scale mail        |    36 |    21 ||    57
Dodge: Dodged            |    44 |    16 ||    60
Block: Shield            |    48 |    25 ||    73
       Rpst.: Long sword |    14 |     4 ||    18
